 Dungeon Crawl Stone Soup version 0.29.0-4-gdea44cf6ec (webtiles) character file.

Game seed: 9048515569388061579

359 qw the Chopper (level 6, -1/37 HPs)
             Began as a Tengu Warper on Aug 28, 2022.
             Slain by an orc
             ... wielding a +0 mace
              (7 damage)
             ... on level 4 of the Dungeon.
             The game lasted 00:00:25 (4053 turns).

qw the Chopper (Tengu Warper)                       Turns: 4053, Time: 00:00:25

Health: -1/37      AC:  7    Str: 13    XL:     6   Next: 65%
Magic:  10/10      EV: 11    Int: 13    God:
Gold:   176        SH:  0    Dex: 14    Spells: 9/9 levels left

rFire   . . .      SeeInvis .   Y - +0 hand axe (freeze)
rCold   + . .      Faith    .   (no shield)
rNeg    . . .      Spirit   .   o - +0 scale mail
rPois   .          Reflect  .   (helmet restricted)
rElec   .          Harm     .   (no cloak)
rCorr   .          Rampage  .   d - +0 pair of gloves
Will    .....                   (boots unavailable)
Stlth   ..........              (no amulet)
HPRegen 0.12/turn               h - ring of protection from cold
MPRegen 0.12/turn               (no ring)

@: flying quickly and evasively, quick
A: beak, talons 3, nimble flight
a: no special abilities


You were on level 4 of the Dungeon.
You visited 1 branch of the dungeon, and saw 4 of its levels.

You collected 176 gold pieces.


Innate Abilities, Weirdness & Mutations

You have a beak for a mouth.
You have claws for feet.
Your magical nature lets you fly swiftly and evasively.


   Skills:
 - Level 3.1 Fighting
 + Level 7.0 Axes
 - Level 1.0 Throwing
 - Level 1.1 Armour
 - Level 2.1 Dodging
 - Level 2.0 Spellcasting
 - Level 2.4 Translocations


You had 9 spell levels left.
You didn't know any spells.
Your spell library contained the following spells:

 Spells                   Type           Power      Damage    Failure   Level
 Blink                    Tloc           14%        N/A       56%         2
 Gell's Gravitas          Tloc           7%         N/A       80%         3
 Lesser Beckoning         Tloc           7%         N/A       80%         3
 Teleport Other           Tloc           7%         N/A       80%         3
 Manifold Assault         Tloc           7%         N/A       100%        5

Inventory:

Hand Weapons
 n - a +0 flail
 Y - a +0 hand axe of freezing (weapon)
Missiles
 i - 2 boomerangs (quivered)
Armour
 d - a +0 pair of gloves (worn)
 l - a +0 kite shield
 o - a +0 scale mail (worn)
Jewellery
 c - a ring of ice
 h - a ring of protection from cold (left hand)
Scrolls
 a - a scroll of vulnerability {unknown}
 g - a scroll of teleportation {unknown}
 m - a scroll of identify
 p - a scroll of fear {unknown}
Potions
 b - a potion of berserk rage {unknown}
 e - a potion of attraction {unknown}
 f - a potion of curing {unknown}
 j - 2 potions of lignification {unknown}
 k - a potion of haste {unknown}

Dungeon Overview and Level Annotations

Branches:
Dungeon (4/15)
 Temple: D:4-7

Altars:
Zin

Shops:
D:4 :


Message History

You hit the iguana. You freeze the iguana.
You claw the iguana, but do no damage.
The iguana is almost dead.
The iguana barely misses you.
You hit the iguana but do no damage. You claw the iguana, but do no damage.
You peck the iguana, but do no damage.
The iguana is almost dead.
The iguana completely misses you.
You barely miss the iguana. You claw the iguana.
You kill the iguana!
You barely miss the orc wizard. You claw the orc wizard!
The orc wizard is heavily wounded.
The orc wizard casts a spell at you.
You are confused.
You closely miss the orc wizard. Your kick misses the orc wizard.
The orc wizard is heavily wounded.
The orc wizard hits you but does no damage.
You hit the orc wizard. You freeze the orc wizard.
Your peck misses the orc wizard.
The orc wizard is almost dead.
The orc wizard casts a spell at you. The magic dart hits you!
The orc wizard closely misses you. The orc hits you with a +0 short sword.
The orc wizard hits you but does no damage.
You slash the orc! You freeze the orc.
You kill the orc!
You barely miss the orc wizard. The orc wizard closely misses you.
You hit the orc wizard. You freeze the orc wizard.
You kill the orc wizard!
You closely miss the orc.
You feel less confused. The orc barely misses you.
Your Fighting skill increases to level 3!
You barely miss the orc. You claw the orc.
The orc is heavily wounded.
You hit the orc but do no damage. The orc hits you with a +0 whip.
The orc hits you with a +0 mace!
You die...

..%[..# #...# #.....
......###...# ##.....
........#...# ########
###...... .....##.'...#
#......# ##...####.
#########...###......###..###
#. #.##....¤¤......¤¤# #.
#....~~¤~~~~¤~¤¤~.# #.
###..~...¤¤¤....~.# ##
#..~.~@~¤¤~~~¤~.# #
#..~.~oo.¤¤.¤¤~.# #
#.¤~.~.¤¤¤¤.~.¤.# #
#.¤¤¤~.~.¤~.~¤¤¤# #
#.¤¤¤¤.~.~¤.~. #
#.¤¤.~.¤.¤¤.~.¤.. #####
#..¤.~.¤~~~~~.~.. .....
#.¤¤¤¤¤¤¤¤¤...¤.# ##### ~¤¤
~~.#


You could see 2 orcs.

Vanquished Creatures
  2 scorpions (D:4)
  A hound (D:3)
  An orc priest (D:4)
  Jessica (D:3)
  An iguana (D:4)
  An orc wizard (D:4)
  2 adders
  4 worms
  7 orcs
  5 bats
  2 endoplasms
  3 giant cockroaches
  6 goblins
  5 hobgoblins
  4 jackals
  4 quokkas
  6 ball pythons
  3 frilled lizards (D:2)
  8 kobolds
  9 rats
75 creatures vanquished.

Notes
Turn   | Place    | Note
-------+----------+-------------------------------------------
     0 | D:1      | qw the Tengu Warper began the quest for the Orb.
     0 | D:1      | Reached XP level 1. HP: 12/12 MP: 4/4
     0 | D:1      | 0 ||| qw: Version: 0.1-a-89-g26bdef1
     0 | D:1      | 0 ||| qw: Game counter: 1316
     0 | D:1      | 0 ||| qw: Always use a shield: true
     0 | D:1      | 0 ||| qw: God list: Okawaru
     0 | D:1      | 0 ||| qw: Allow faded altars: false
     0 | D:1      | 0 ||| qw: Do Orc after D:15 true
     0 | D:1      | 0 ||| qw: Do second Lair branch before Depths: true
     0 | D:1      | 0 ||| qw: Lair rune preference: random
     0 | D:1      | 0 ||| qw: Plans: Normal
     0 | D:1      | 0 ||| PLANNING D:1-11
   274 | D:1      | HP: 3/12 [hobgoblin (4)]
   287 | D:1      | 287 ||| Stepping ~*~*~tactically~*~*~ (stealth).
   379 | D:1      | 379 ||| Stepping ~*~*~tactically~*~*~ (stealth).
   398 | D:1      | Reached XP level 2. HP: 11/17 MP: 6/6
   658 | D:1      | Reached skill level 3 in Axes
   864 | D:1      | 864 ||| UPGRADING to +0 pair of gloves.
   869 | D:1      | 869 ||| UPGRADING to +0 ring mail.
   879 | D:1      | 879 ||| DROPPING +0 leather armour.
   880 | D:1      | 880 ||| READING scroll labelled JEXKO PIAGHIPH.
   881 | D:1      | 881 ||| DROPPING scroll of blinking.
   911 | D:2      | 911 ||| STAIRDANCE
  1005 | D:2      | 1005 ||| DROPPING +0 club.
  1038 | D:2      | 1038 ||| Stepping ~*~*~tactically~*~*~ (stealth).
  1045 | D:2      | 1045 ||| Stepping ~*~*~tactically~*~*~ (stealth).
  1142 | D:2      | Found a faded altar of an unknown god.
  1286 | D:2      | Reached XP level 3. HP: 11/21 MP: 7/7
  1472 | D:2      | 1472 ||| Stepping ~*~*~tactically~*~*~ (stealth).
  1476 | D:2      | 1476 ||| Stepping ~*~*~tactically~*~*~ (stealth).
  1622 | D:2      | 1622 ||| Stepping ~*~*~tactically~*~*~ (stealth).
  1711 | D:2      | Reached skill level 4 in Axes
  1842 | D:2      | 1842 ||| DROPPING ring of magical power.
  1843 | D:2      | 1843 ||| UPGRADING to ring of protection from cold.
  1972 | D:3      | 1972 ||| Stepping ~*~*~tactically~*~*~ (stealth).
  1977 | D:3      | 1977 ||| Stepping ~*~*~tactically~*~*~ (stealth).
  1984 | D:3      | 1984 ||| Stepping ~*~*~tactically~*~*~ (stealth).
  2192 | D:3      | Reached XP level 4. HP: 17/26 MP: 8/8
  2380 | D:3      | Noticed Jessica
  2381 | D:3      | 2381 ||| Stepping ~*~*~tactically~*~*~ (hiding).
  2392 | D:3      | 2392 ||| Stepping ~*~*~tactically~*~*~ (hiding).
  2396 | D:3      | Killed Jessica
  2397 | D:3      | Reached skill level 5 in Axes
  2586 | D:3      | 2586 ||| Stepping ~*~*~tactically~*~*~ (stealth).
  2768 | D:3      | 2768 ||| DROPPING +0 whip.
  3049 | D:3      | 3049 ||| UPGRADING to +0 scale mail.
  3059 | D:3      | 3059 ||| DROPPING +0 ring mail.
  3060 | D:3      | 3060 ||| READING scroll labelled SAAB JUMUIFA.
  3061 | D:3      | 3061 ||| READING scroll labelled LIAS RALATRY.
  3062 | D:3      | 3062 ||| READING scroll labelled UREKHL VAONLA.
  3063 | D:3      | 3063 ||| READING 3 scrolls labelled OJO QOJEOD.
  3064 | D:3      | 3064 ||| DRINKING 2 inky potions.
  3065 | D:3      | 3065 ||| READING 2 scrolls of identify.
  3065 | D:3      | 3065 ||| IDENTIFYING smoky pink potion
  3066 | D:3      | 3066 ||| DROPPING potion of degeneration.
  3067 | D:3      | 3067 ||| DROPPING potion of brilliance.
  3081 | D:4      | 3081 ||| STAIRDANCE
  3086 | D:4      | 3086 ||| STAIRDANCE
  3096 | D:3      | Gained mutation: Your magical nature lets you fly swiftly
                  | and evasively. [Tengu growth]
  3096 | D:3      | Reached XP level 5. HP: 22/30 MP: 9/9
  3193 | D:4      | Reached skill level 6 in Axes
  3313 | D:4      | 3313 ||| Stepping ~*~*~tactically~*~*~ (stealth).
  3324 | D:4      | Reached XP level 6. HP: 13/35 MP: 10/10
  3327 | D:4      | HP: 8/35 [poisoned by a scorpion]
  3599 | D:4      | Found a glowing silver altar of Zin.
  3633 | D:4      | Reached skill level 7 in Axes
  3634 | D:4      | 3634 ||| FLEEEEING.
  3635 | D:4      | 3635 ||| FLEEEEING.
  3636 | D:4      | 3636 ||| FLEEEEING.
  3637 | D:4      | 3637 ||| FLEEEEING.
  3762 | D:4      | 3762 ||| FLEEEEING.
  3763 | D:4      | 3763 ||| FLEEEEING.
  3764 | D:4      | 3764 ||| FLEEEEING.
  3765 | D:4      | 3765 ||| FLEEEEING.
  3768 | D:4      | 3768 ||| FLEEEEING.
  3769 | D:4      | 3769 ||| FLEEEEING.
  3770 | D:4      | 3770 ||| FLEEEEING.
  3773 | D:4      | 3773 ||| FLEEEEING.
  3774 | D:4      | 3774 ||| FLEEEEING.
  3775 | D:4      | 3775 ||| FLEEEEING.
  3776 | D:4      | 3776 ||| FLEEEEING.
  3777 | D:4      | 3777 ||| FLEEEEING.
  3778 | D:4      | 3778 ||| FLEEEEING.
  3779 | D:4      | 3779 ||| FLEEEEING.
  3780 | D:4      | 3780 ||| FLEEEEING.
  3781 | D:4      | 3781 ||| FLEEEEING.
  3782 | D:4      | 3782 ||| FLEEEEING.
  3786 | D:4      | 3786 ||| FLEEEEING.
  3787 | D:4      | 3787 ||| FLEEEEING.
  3788 | D:4      | 3788 ||| FLEEEEING.
  3789 | D:4      | 3789 ||| FLEEEEING.
  3790 | D:4      | 3790 ||| FLEEEEING.
  3791 | D:4      | 3791 ||| FLEEEEING.
  3792 | D:4      | 3792 ||| FLEEEEING.
  3793 | D:4      | 3793 ||| FLEEEEING.
  3794 | D:4      | 3794 ||| FLEEEEING.
  3795 | D:4      | 3795 ||| FLEEEEING.
  3796 | D:4      | 3796 ||| FLEEEEING.
  3797 | D:4      | 3797 ||| FLEEEEING.
  3798 | D:4      | 3798 ||| FLEEEEING.
  3799 | D:4      | 3799 ||| FLEEEEING.
  3800 | D:4      | 3800 ||| FLEEEEING.
  3801 | D:4      | 3801 ||| FLEEEEING.
  3802 | D:4      | 3802 ||| FLEEEEING.
  3803 | D:4      | 3803 ||| FLEEEEING.
  3804 | D:4      | 3804 ||| FLEEEEING.
  3805 | D:4      | 3805 ||| FLEEEEING.
  3806 | D:4      | 3806 ||| FLEEEEING.
  3817 | D:4      | 3817 ||| FLEEEEING.
  3890 | D:4      | Found Tiymnoh's Book Shoppe.
  3891 | D:4      | 3891 ||| FLEEEEING.
  3892 | D:4      | 3892 ||| FLEEEEING.
  3893 | D:4      | 3893 ||| FLEEEEING.
  4050 | D:4      | HP: 9/36 [orc/+0 short sword (4)]
  4053 | D:4      | Reached skill level 3 in Fighting
  4053 | D:4      | Slain by an orc

Levels and vault maps discovered:
D:1:      mrwooster_arrival_arrow, layout_loops_ring
D:2:      layout_loops_cross, basic_ecumenical_altar, minmay_tree_intersection
D:3:      layout_loops_ring, serial_glass, glass_columns_a, glass_columns_a,
          uniq_jessica
D:4:      layout_basic, mainiacjoe_overflow_catwalk, serial_shops,
          nicolae_inconvenience_store

Skill      XL: |  1  2  3  4  5  6 |
---------------+-------------------+-----
Axes           | 3 4 5 6 7 |  7.0
Fighting       | 3 |  3.1
Throwing       | |  1.0
Armour         | |  1.1
Dodging        | |  2.1
Spellcasting   | |  2.0
Translocations | |  2.4

Action                   |  1- 3 |  4- 6 || total
-------------------------+-------+-------++-------
Melee: Hand axe          |    98 |    78 ||   176
       Kick              |    24 |    26 ||    50
       Peck              |    12 |    10 ||    22
       Punch             |     1 |       ||     1
Throw: Boomerang         |     7 |    30 ||    37
  Use: Scroll            |     1 |     5 ||     6
       Potion            |       |     1 ||     1
Armor: Leather armour    |     5 |       ||     5
       Ring mail         |    25 |     7 ||    32
       Scale mail        |       |    11 ||    11
Dodge: Dodged            |    41 |    38 ||    79

Table legend:
 A = Non-vault XP
 B = Vault XP
 C = Vault XP percentage of total XP
 D = Non-vault monster count
 E = Vault monster count
 F = Vault count percentage of total count
                 A         B        C        D         E       F
            +---------+---------+-------+---------+---------+-------
      Total |     477 |      37 |   7.2 |      74 |       1 |   1.3
            +---------+---------+-------+---------+---------+-------
        D:1 |      16 |       0 |   0.0 |      10 |       0 |   0.0
        D:2 |      37 |       0 |   0.0 |      23 |       0 |   0.0
        D:3 |     109 |      37 |  25.3 |      25 |       1 |   3.8
        D:4 |     315 |       0 |   0.0 |      16 |       0 |   0.0
            +---------+---------+-------+---------+---------+-------
